 Dungeon Crawl Stone Soup version 0.23.2-30-g0e89c35649 (webtiles) character file.

Game seed: 15679937130720109751

13844 Mrkan the Cleaver (level 11, 0/153 HPs)
             Began as a Minotaur Fighter on June 24, 2019.
             Was an Initiate of Gozag.
             Slain by an 11-headed hydra (3 damage)
             ... on level 11 of the Dungeon.
             The game lasted 00:26:38 (11212 turns).

Mrkan the Cleaver (Minotaur Fighter)               Turns: 11212, Time: 00:26:39

Health: 0/153      AC: 15    Str: 26    XL:     11   Next: 80%
Magic:  10/10      EV:  3    Int:  5    God:    Gozag
Gold:   601        SH: 10    Dex: 13    Spells: 10/10 levels left

rFire    . . .     SeeInvis .   a - +1 war axe
rCold    . . .     Gourm    .   B - +2 shield {AC+3}
rNeg     . . .     Faith    .   c - +0 plate armour
rPois    .         Spirit   .   (helmet restricted)
rElec    .         Reflect  .   n - +0 cloak
rCorr    .         Harm     .   (no gloves)
MR       .....                  u - +0 pair of boots
Stlth    ..........             (no amulet)
HPRegen  0.35/turn              (no ring)
MPRegen  0.12/turn              (no ring)

@: berserking, extremely drained, very quick
A: retaliatory headbutt, horns 2
a: Potion Petition, Call Merchant, Bribe Branch, Renounce Religion


You were on level 11 of the Dungeon.
You worshipped Gozag.
Gozag was pleased with you.
You were not hungry.

You visited 2 branches of the dungeon, and saw 12 of its levels.

You collected 2337 gold pieces.
You paid 1736 gold pieces to Gozag.

Inventory:

Hand Weapons
 a - a +1 war axe (weapon)
 h - a +0 antimagic war axe
Missiles
 q - 5 javelins (quivered)
Armour
 c - a +0 plate armour (worn)
 n - a +0 cloak (worn)
 u - a +0 pair of boots (worn)
 B - a +2 shield of protection (worn)
Jewellery
 J - an uncursed ring of ice
 K - an uncursed ring of wizardry
Wands
 s - a wand of flame (14)
 y - a wand of disintegration (6)
 C - a wand of digging (2)
 G - a wand of clouds (7)
Scrolls
 j - 2 scrolls of amnesia
 k - 4 scrolls of enchant weapon
 l - 4 scrolls of fear
 m - a scroll of blinking
 p - 3 scrolls of magic mapping {unknown}
 t - 3 scrolls of immolation
 v - a scroll of random uselessness {unknown}
 w - 5 scrolls of teleportation
 x - 4 scrolls of remove curse
 A - 2 scrolls of vulnerability {unknown}
 D - 2 scrolls of enchant armour {unknown}
 I - a scroll of noise {unknown}
 L - a scroll of fog {unknown}
 M - a scroll of brand weapon {unknown}
 N - a scroll of identify
Potions
 b - a potion of cancellation {unknown}
 d - 2 potions of might
 e - 4 potions of brilliance
 g - a potion of berserk rage
 i - a potion of curing
 o - 6 potions of haste
 r - 3 potions of lignification
 z - a potion of flight {unknown}
 E - a potion of agility {unknown}
 F - 3 potions of magic {unknown}
 H - 2 potions of ambrosia {unknown}
Comestibles
 f - 9 rations


   Skills:
 + Level 11.1(0.0) Fighting
 * Level 14.4(0.0) Axes
 + Level 9.7(0.0) Armour
 + Level 11.1(0.0) Shields


You had 10 spell levels left.
You didn't know any spells.
Your spell library contained the following spells:

 Spells                   Type           Power        Failure   Level  Hunger
 Animate Skeleton         Necr           N/A          100%        1    ##.....
 Apportation              Tloc           #.....       100%        1    ##.....
 Corona                   Hex            #......      100%        1    ##.....
 Magic Dart               Conj           #...         100%        1    ##.....
 Pain                     Necr           #...         100%        1    ##.....
 Sandblast                Erth           #.....       100%        1    ##.....
 Summon Butterflies       Summ           #.......     100%        1    ##.....
 Blink                    Tloc           N/A          100%        2    ###....
 Call Imp                 Summ           #.......     100%        2    ###....
 Ensorcelled Hibernation  Hex/Ice        #.....       100%        2    ###....
 Passwall                 Tmut/Erth      #.......     100%        2    ###....
 Slow                     Hex            #.......     100%        2    ###....
 Confuse                  Hex            #.......     100%        3    ####...
 Conjure Flame            Conj/Fire      #.......     100%        3    ####...
 Dazzling Spray           Conj/Hex       #.....       100%        3    ####...
 Lesser Beckoning         Tloc           #.........   100%        3    ####...
 Mephitic Cloud           Conj/Pois/Air  #.......     100%        3    ####...
 Regeneration             Chrm/Necr      #.........   100%        3    ####...
 Stone Arrow              Conj/Erth      #.....       100%        3    ####...
 Tukima's Dance           Hex            #.......     100%        3    ####...
 Vampiric Draining        Necr           #.........   100%        3    ####...
 Animate Dead             Necr           N/A          100%        4    #####..
 Petrify                  Tmut/Erth      #.......     100%        4    #####..
 Alistair's Intoxication  Tmut/Pois      #.......     100%        5    ######.
 Lee's Rapid Deconstruct  Erth           #.........   100%        5    ######.
 Invisibility             Hex            #.......     100%        6    #######


Dungeon Overview and Level Annotations

Branches:
Dungeon (11/15)            Temple (0/1) D:4            Lair (1/6) D:11
    Orc: D:9-12

Altars:
Ashenzari
Cheibriados
Gozag
Makhleb
Qazlal
Sif Muna
Xom
Zin

Shops:
D:5 ?

Annotations:
D:4 1 runed translucent door, voshxx's ghost, amateur DrFE
Lair:1 Sonja


Innate Abilities, Weirdness & Mutations

You reflexively headbutt those who attack you in melee.
You have a pair of horns on your head.


Message History

* * * LOW HITPOINT WARNING * * *
The ten-headed hydra barely misses you.
The ten-headed hydra bites you but does no damage.
The ten-headed hydra bites you.
* * * LOW HITPOINT WARNING * * *
The ten-headed hydra bites you but does no damage.
You block the ten-headed hydra's attack.
You slice one of the ten-headed hydra's heads off!
The nine-headed hydra grows two more!
You slice the 11-headed hydra!! You headbutt the 11-headed hydra!
The 11-headed hydra is heavily wounded.
The 11-headed hydra completely misses you.
The 11-headed hydra bites you.
* * * LOW HITPOINT WARNING * * *
The 11-headed hydra bites you but does no damage.
You block the 11-headed hydra's attack.
The 11-headed hydra bites you but does no damage.
The 11-headed hydra bites you.
You die...
Your body crumbles into a pile of gold.

#.......[>........##
#.................##
#.................#.
#.................#.
#.................#.
###'####..........#.
#.# #..........##
#.# #........t.# #@#
#..........#
#D###########.###
#tt.tt........#
###############


You could see a 11-headed hydra and 2 crocodiles.

Vanquished Creatures
  Josephine (D:11)
  Fannar (D:11)
  A vault guard (D:11)
  A hydra (Lair:1)
  A two-headed ogre (D:9)
  2 unseen horrors (D:10)
  An ugly thing (D:11)
  A cyclops (D:7)
  Psyche (D:8)
  A spiny frog (Lair:1)
  A troll (D:11)
  A hornet (D:8)
  9 yaks (D:11)
  Eustachio (D:5)
  5 wraiths
  2 wyverns (D:10)
  A hungry ghost (D:11)
  Grum (D:8)
  3 water moccasins
  A porcupine (Lair:1)
  4 ogres
  2 ice beasts
  5 orc warriors
  A sky beast (D:9)
  3 wolves (D:8)
  10 centaurs
  2 big kobolds
  4 bullfrogs
  2 scorpions
  12 killer bees
  3 howler monkeys
  A crimson imp (D:10)
  A quasit (D:11)
  4 jellies
  4 orc priests
  A centaur skeleton (D:6)
  A hound (D:4)
  3 orc wizards
  A bullfrog skeleton (D:9)
  5 iguanas
  Ijyb (D:5)
  10 worker ants
  A hound skeleton (D:4)
  A howler monkey skeleton (D:7)
  2 worker ant zombies
  13 adders
  2 shadow imps
  2 oozes (D:1)
  4 adder skeletons
  3 worms
  7 leopard geckos
  33 orcs
  10 bats
  3 giant cockroaches
  7 goblins
  12 hobgoblins
  14 jackals
  3 quokkas
  A ball python (D:6)
  7 frilled lizards
  16 kobolds
  A quokka skeleton (D:5)
  10 rats
  A plant (Lair:1)
269 creatures vanquished.

Vanquished Creatures (others)
  A plant (Lair:1)
1 creature vanquished.

Grand Total: 270 creatures vanquished

Notes
Turn   | Place    | Note
-------+----------+-------------------------------------------
     0 | D:1      | Mrkan the Minotaur Fighter began the quest for the Orb.
     0 | D:1      | Reached XP level 1. HP: 19/19 MP: 0/0
    49 | D:1      | Reached skill level 3 in Axes
    49 | D:1      | Reached XP level 2. HP: 27/27 MP: 1/1
   213 | D:1      | Reached XP level 3. HP: 30/33 MP: 2/2
  1067 | D:2      | Reached skill level 4 in Axes
  1069 | D:2      | Found a stormy altar of Qazlal.
  1069 | D:2      | Found a burning altar of Makhleb.
  1074 | D:2      | Found a snail-covered altar of Cheibriados.
  1076 | D:2      | Found a shattered altar of Ashenzari.
  1078 | D:2      | Found a deep blue altar of Sif Muna.
  1079 | D:2      | Found an opulent altar of Gozag.
  1121 | D:2      | Became a worshipper of Gozag Ym Sagoz the Greedy
  1202 | D:2      | Reached XP level 4. HP: 29/41 MP: 3/3
  1918 | D:3      | Reached XP level 5. HP: 43/47 MP: 4/4
  2125 | D:4      | Reached skill level 5 in Axes
  2132 | D:4      | Noticed an ogre
  2144 | D:4      | Killed an ogre
  2144 | D:4      | Reached skill level 5 in Fighting
  2144 | D:4      | Reached skill level 5 in Shields
  2146 | D:4      | Reached XP level 6. HP: 7/56 MP: 5/5
  2495 | D:4      | Found a staircase to the Ecumenical Temple.
  2523 | D:4      | Reached skill level 6 in Axes
  2753 | D:4      | Found a runed translucent door.
  2756 | D:4      | Noticed voshxx's ghost (amateur DrFE)
  2927 | D:5      | Entered Level 5 of the Dungeon
  2989 | D:5      | Found Hugox's Magic Scroll Boutique.
  3104 | D:5      | Noticed Ijyb
  3120 | D:5      | Killed Ijyb
  3120 | D:5      | Reached XP level 7. HP: 24/62 MP: 6/6
  3125 | D:5      | Noticed Eustachio
  3349 | D:5      | Killed Eustachio
  3349 | D:5      | Reached skill level 7 in Axes
  3363 | D:5      | Found a glowing silver altar of Zin.
  3912 | D:6      | Reached skill level 8 in Axes
  3979 | D:6      | Reached XP level 8. HP: 71/71 MP: 7/7
  4297 | D:6      | Got an ancient leather armour
  4670 | D:6      | Identified the +0 leather armour of Henotheism {*Contam
                  | rElec rPois Int-5} (You found it on level 6 of the Dungeon)
  4741 | D:7      | Reached skill level 9 in Axes
  5162 | D:7      | Reached skill level 5 in Armour
  5309 | D:7      | Noticed a cyclops
  5321 | D:7      | Killed a cyclops
  5321 | D:7      | Reached skill level 10 in Axes
  5321 | D:7      | Reached XP level 9. HP: 30/81 MP: 8/8
  5894 | D:8      | Noticed Psyche
  5915 | D:8      | Killed Psyche
  6335 | D:8      | Reached skill level 11 in Axes
  6378 | D:8      | Noticed Grum
  6403 | D:8      | Killed Grum
  6958 | D:9      | Noticed a two-headed ogre
  6973 | D:9      | Killed a two-headed ogre
  6973 | D:9      | Reached XP level 10. HP: 38/91 MP: 9/9
  7263 | D:9      | Reached skill level 12 in Axes
  7363 | D:9      | Found a shimmering altar of Xom.
  7717 | D:10     | Entered Level 10 of the Dungeon
  7948 | D:10     | Killed an unseen horror
  8249 | D:10     | Reached skill level 10 in Fighting
  8255 | D:10     | Reached skill level 10 in Shields
  8388 | D:10     | Killed an unseen horror
  8388 | D:10     | Reached skill level 13 in Axes
  8566 | D:11     | Found a staircase to the Lair.
  8684 | D:11     | Reached XP level 11. HP: 99/99 MP: 10/10
  8815 | D:11     | Noticed a green ugly thing
  8826 | D:11     | Noticed Josephine
  8842 | D:11     | Noticed Fannar
  8843 | D:11     | Killed a green ugly thing
  9271 | D:11     | Killed Josephine
  9405 | D:11     | Killed Fannar
  9707 | D:11     | Reached skill level 14 in Axes
  9925 | D:11     | Noticed a vault guard
  9948 | D:11     | Killed a vault guard
 10022 | Lair:1   | Entered Level 1 of the Lair of Beasts
 10139 | Lair:1   | Noticed a five-headed hydra
 10158 | Lair:1   | Killed a six-headed hydra
 10392 | Lair:1   | Noticed Sonja
 11158 | Lair:1   | Noticed a six-headed hydra
 11211 | D:11     | HP: 4/153 [ten-headed hydra (4)]
 11212 | D:11     | Slain by an 11-headed hydra

Skill      XL: |  1  2  3  4  5  6  7  8  9 10 11 |
---------------+----------------------------------+-----
Axes           | 3 4 5 6 8 10 11 13 14 | 14.4
Fighting       | 4 5 6 7 9 10 11 | 11.1
Shields        | 4 5 6 7 9 10 11 | 11.1
Armour         | 5 7 8 9 |  9.7

Action                   |  1- 3 |  4- 6 |  7- 9 | 10-12 || total
-------------------------+-------+-------+-------+-------++-------
Melee: War axe           |   116 |   138 |   326 |   511 ||  1091
       Headbutt          |    17 |    20 |    61 |   105 ||   203
Invok: Potion Petition   |       |       |       |     3 ||     3
Evoke: Wand              |       |       |       |    16 ||    16
  Use: Scroll            |       |     5 |     7 |     6 ||    18
       Potion            |       |       |     3 |    10 ||    13
 Stab: Distracted        |       |       |     1 |     3 ||     4
  Eat: Ration            |       |     2 |     4 |     5 ||    11
Armor: Chain mail        |    69 |    71 |    56 |       ||   196
       Plate armour      |       |       |    65 |   395 ||   460
Dodge: Dodged            |    37 |    19 |    46 |    88 ||   190
Block: Shield            |    80 |    84 |   211 |   406 ||   781
